Map: Dusty Gorge

Players

OpuS

  • Race: Protoss Protoss
  • League: Diamond
  • Spawn Location: 3:00

Sketchaphone

  • Race: Zerg Zerg
  • League: Gold
  • Spawn Location: 5:00

Mihir

  • Race: Protoss Protoss
  • Spawn Location: 11:00

GlassPajamas

  • Race: Terran Terran
  • League: Gold
  • Spawn Location: 9:00

VOD

Have the link to the VOD?

Description

Time

  • Played on: Jan. 22, 2019, 10:55 a.m.
  • Length: 13:15
Show
View Real Time Build Order
Export as new Build Order

OpuS Protoss 

Build Orders:  

Get SALT Encoding   

  12  0:01  Probe  
  13  0:13  Probe  
  14  0:21  Pylon  
  14  0:25  Probe  
  15  0:39  Probe  
  16  0:43  Gateway  
  16  0:51  Probe  
  16  0:55  Assimilator  
  17  1:03  Probe  
  18  1:10  Gateway  
  18  1:11  Probe  
  19  1:19  Probe  
  18  7:13  Nexus  
Show
View Real Time Build Order
Export as new Build Order

Sketchaphone Zerg 

Build Orders: Hatch First 

Get SALT Encoding   

  12  0:01  Drone  
  13  0:14  Overlord  
  13  0:20  Drone  
  14  0:32  Drone x2  
  16  0:36  Drone  
  17  0:56  Hatchery  
  16  1:00  Drone  
  16  1:04  Extractor  
  16  1:05  Drone  
  17  1:19  Spawning Pool  
  17  1:21  Drone  
  17  1:24  Drone  
  18  1:34  Drone  
  19  1:53  Overlord, Drone  
  20  2:07  Zergling x2  
  20  2:08  Queen  
  23  2:10  Overlord  
  23  2:14  Zergling x2  
  24  2:22  Queen  
  24  2:24  Metabolic Boost  
  24  2:25  Zergling x2  
  24  2:26  Zergling x2  
  28  2:47  Zergling x8  
  32  2:56  Zergling x2  
  33  2:59  Drone  
  33  3:04  Zergling x2  
  35  3:34  Drone  
  35  3:35  Overlord  
  36  3:42  Drone x2  
  36  3:43  Roach Warren  
  36  3:44  Drone  
  38  3:51  Evolution Chamber, Drone x3  
  38  3:52  Drone  
  41  4:06  Drone x2  
  43  4:10  Hatchery  
  43  4:12  Drone x2  
  44  4:17  Drone x2  
  46  4:28  Zerg Melee Weapons Level 1  
  46  4:30  Drone  
  46  4:31  Drone x3  
  48  4:32  Overlord  
  48  4:34  Lair  
  50  4:41  Drone x2  
  50  4:42  Extractor  
  50  4:43  Overlord  
  51  5:02  Roach  
  51  5:03  Roach x2  
  51  5:04  Zergling x12  
  63  5:15  Spine Crawler  
  63  5:18  Roach x2  
  66  5:26  Roach  
  66  5:27  Roach  
  70  5:38  Drone x2  
  70  5:42  Drone  
  73  5:44  Overlord  
  73  5:54  Drone  
  74  6:03  Ravager  
  75  6:05  Drone  
  75  6:07  Queen  
  75  6:08  Drone  
  75  6:11  Roach  
  81  6:15  Glial Reconstitution  
  81  6:17  Evolution Chamber  
  80  6:21  Spire  
  77  6:41  Extractor  
  77  6:42  Extractor  
  75  6:56  Overlord  
  75  6:57  Roach x3  
  75  6:58  Overlord x2  
  81  7:06  Overlord  
  81  7:07  Overlord  
  81  7:23  Pneumatized Carapace  
  81  7:27  Zerg Missile Weapons Level 1  
  81  7:28  Zerg Ground Armor Level 1  
  81  7:33  Zerg Flyer Weapons Level 1  
  81  7:36  Hatchery  
  81  7:37  Roach x5  
  84  7:38  Zergling x6  
  84  7:39  Zergling x12  
  99  7:52  Overlord x2  
  99  7:54  Overlord  
  94  8:09  Spore Crawler  
  94  8:12  Spore Crawler  
  90  8:14  Spore Crawler  
  90  8:18  Roach x3  
  90  8:19  Roach x6  
  105  8:24  Mutalisk  
  106  8:41  Drone  
  106  8:42  Overlord x2  
  106  8:51  Queen  
  106  8:53  Drone x2  
  110  8:56  Overlord  
  110  8:57  Mutalisk  
  110  8:59  Overlord  
  110  9:02  Drone x2  
  113  9:03  Drone  
  108  9:19  Mutalisk x4  
  112  9:25  Overlord  
  112  9:33  Mutalisk x2  
  106  9:39  Drone  
  106  9:40  Drone  
  106  9:45  Mutalisk x2  
  92  9:48  Drone x2  
  94  9:57  Mutalisk x2  
  98  10:00  Drone x3  
  98  10:02  Drone  
  98  10:05  Drone  
  98  10:06  Drone  
  92  10:36  Mutalisk x3  
  92  10:39  Overlord  
  92  10:40  Zergling x18  
  107  10:50  Drone  
  107  10:51  Drone, Mutalisk x2  
  113  11:01  Mutalisk  
  113  11:03  Zergling x20  
  120  11:30  Mutalisk x3  
  120  11:32  Zergling x12  
  119  11:43  Spore Crawler  
  119  11:45  Spore Crawler  
  119  11:46  Spore Crawler  
  60  12:17  Drone  
  60  12:18  Drone  
  60  12:35  Drone  
  60  12:36  Drone  
  49  12:49  Drone  
  50  13:02  Hatchery  
Show
View Real Time Build Order
Export as new Build Order

Mihir Protoss 

Build Orders: Cannon Rush 

Get SALT Encoding   

  1  0:00  Probe  
  12  0:06  Probe  
  14  0:23  Pylon  
  14  0:26  Probe  
  15  0:41  Probe  
  16  0:43  Forge  
  16  0:53  Probe  
  17  1:07  Pylon  
  17  1:20  Pylon  
  17  1:23  Pylon  
  17  1:28  Photon Cannon  
  17  1:29  Photon Cannon  
  17  1:48  Photon Cannon  
  17  1:58  Photon Cannon  
  17  2:11  Photon Cannon  
  17  2:37  Gateway  
  17  2:41  Pylon  
  15  3:02  Nexus  
  15  3:04  Assimilator  
  15  3:09  Probe  
  16  3:17  Probe  
  17  3:31  Cybernetics Core  
  17  3:35  Probe  
  18  3:47  Probe  
  19  3:59  Probe  
  19  4:00  Pylon  
  20  4:04  Pylon  
  20  4:11  Probe, Assimilator  
  21  4:22  Probe  
  21  4:24  Probe  
  23  4:29  Stargate  
  23  4:43  Probe x2  
  25  4:50  Stargate  
  25  4:54  Probe  
  25  4:56  Probe  
  27  5:03  Probe  
  27  5:04  Probe  
  28  5:11  Probe  
  28  5:12  Probe  
  29  5:16  Assimilator  
  29  5:18  Assimilator  
  29  5:19  Probe  
  31  5:21  Probe  
  31  5:27  Probe  
  33  5:29  Probe, Oracle  
  35  5:36  Probe  
  35  5:41  Oracle  
  42  5:49  Probe  
  43  5:50  Probe  
  44  6:05  Oracle  
  47  6:18  Oracle  
  50  6:30  Probe x2  
  52  6:42  Probe, Oracle  
  56  6:55  Oracle  
  59  7:17  Oracle  
  62  7:26  Oracle  
  62  7:37  Pylon  
  65  7:41  Pylon  
  65  7:46  Oracle  
  65  7:54  Pylon  
  65  7:56  Pylon  
  68  8:00  Oracle  
  71  8:13  Photon Cannon  
  71  8:17  Photon Cannon  
  71  8:21  Nexus  
  71  8:23  Oracle  
  71  8:25  Pylon  
  74  8:27  Pylon  
  74  8:35  Photon Cannon  
  74  8:37  Oracle  
  74  8:39  Photon Cannon  
  77  8:48  Photon Cannon  
  77  9:04  Oracle  
  80  9:14  Oracle  
  83  9:20  Photon Cannon  
  83  9:30  Photon Cannon  
  83  9:31  Photon Cannon  
  83  9:33  Photon Cannon  
  83  9:35  Shield Battery  
  83  9:36  Shield Battery  
  83  9:38  Photon Cannon  
  83  9:41  Oracle  
  86  9:51  Oracle  
  89  9:53  Probe x2  
  89  9:54  Probe  
  92  10:05  Probe x2  
  92  10:06  Probe  
  95  10:15  Photon Cannon  
  95  10:17  Probe  
  95  10:18  Probe x2, Oracle  
  101  10:24  Nexus  
  101  10:28  Oracle  
  104  10:30  Probe  
  104  10:31  Assimilator  
  104  10:32  Pylon  
  104  10:35  Shield Battery  
  105  10:36  Assimilator  
  105  10:37  Photon Cannon x2  
  105  10:42  Pylon, Shield Battery  
  105  10:45  Pylon  
  105  10:49  Pylon  
  105  10:53  Photon Cannon  
  105  10:55  Shield Battery, Oracle  
  108  11:04  Pylon  
  108  11:07  Pylon  
  107  11:12  Pylon  
  106  11:40  Phoenix x2  
  101  12:02  Phoenix  
  101  12:03  Phoenix  
  105  12:20  Phoenix x2  
  109  12:45  Phoenix x2  
  113  12:56  Fleet Beacon  
  113  13:00  Photon Cannon  
  113  13:05  Photon Cannon  
  113  13:09  Photon Cannon  
  113  13:10  Photon Cannon x2, Assimilator  
  113  13:11  Photon Cannon, Assimilator  
  113  13:12  Shield Battery  
Show
View Real Time Build Order
Export as new Build Order

GlassPajamas Terran 

Build Orders:  

Get SALT Encoding   

  12  0:02  SCV  
  14  0:14  SCV  
  14  0:21  Supply Depot  
  14  0:26  SCV  
  15  0:34  Refinery  
  15  0:44  Barracks  
  15  0:47  SCV  
  16  0:59  SCV  
  16  1:02  Refinery  
  17  1:12  SCV  
  18  1:24  SCV  
  19  1:32  Supply Depot  
  19  1:38  SCV  
  20  1:50  Barracks Tech Lab  
  20  2:01  Factory  
  20  2:06  SCV  
  21  2:09  Marine  
  21  2:12  Combat Shield  
  22  2:19  SCV  
  23  2:26  Marine  
  24  2:30  Supply Depot  
  24  2:31  SCV  
  25  2:45  Starport  
  25  2:46  Factory Tech Lab  
  25  2:48  Marine  
  25  2:51  SCV  
  27  3:03  SCV  
  28  3:05  Marine  
  28  3:06  Siege Tank  
  32  3:15  SCV  
  33  3:21  Starport Reactor  
  33  3:23  Marine  
  34  3:30  Supply Depot  
  34  3:39  Siege Tank  
  37  3:58  Medivac x2  
  41  4:12  Command Center  
  41  4:31  Marine  
  42  4:49  Marine  
  43  4:58  Viking x2  
  47  5:04  Starport  
  47  5:17  Orbital Command  
  47  5:24  Refinery, SCV  
  47  5:26  Refinery  
  48  5:36  SCV  
  37  6:09  Starport Reactor  
  37  6:11  Viking x2  
  37  6:18  Marine  
  42  6:35  Hellion  
  42  6:36  Marine  
  45  6:46  SCV  
  46  6:57  Hellion  
  46  6:59  SCV  
  49  7:03  Viking x4  
  57  7:11  SCV  
  57  7:12  Supply Depot  
  58  7:33  Viking x4  
  58  7:34  Supply Depot  
  66  7:47  Marine  
  66  7:48  Hellion  
  69  8:05  Marine  
  67  8:09  Hellion  
  66  8:32  Liberator  
  66  8:33  Liberator  
  60  8:43  Marine  
  60  8:44  Hellion  
  67  8:56  SCV  
  67  9:01  Marine  
  69  9:08  SCV  
  70  9:12  Hellion  
  66  9:19  Marine  
  66  9:21  SCV  
  55  9:33  Hellion, SCV  
  55  9:37  Marine  
  57  9:45  SCV  
  55  9:46  Liberator x2  
  55  9:47  Liberator  
  55  9:54  Marine  
  55  9:55  Hellion  
  55  9:57  Liberator, SCV  
  68  10:12  Marine, Supply Depot  
  69  10:17  Hellion  
  55  10:30  Marine  
  55  10:38  Hellion  
  57  10:48  Marine  
  58  11:00  Hellion  
  60  11:07  Starport Tech Lab  
  60  11:11  Fusion Core  
  60  11:13  Starport Tech Lab  
  60  11:21  Hellion  
  52  12:00  Marine  
  45  12:01  Hellion  
  45  12:03  Battlecruiser  
  45  12:04  Battlecruiser  
  54  12:12  Supply Depot  
  54  12:15  Orbital Command  
  46  12:18  Marine  
  44  12:23  Hellion  
  44  12:35  SCV  
  37  12:40  SCV  
  36  12:47  SCV  
  37  12:53  SCV  
  38  12:59  SCV  
  38  13:03  Refinery  
Tags
 
Add a new tag
Caveats
  • Supply blocks, unpowered buildings, or Contaminate may cause inaccurate times.
  • Supply counts are checked every 10 seconds.